MID
LAKE COUNTY CAPTAINS @ BELOIT SNAPPERS
06/26/2048
 
TOP OF THE 1ST
Lake County Captains batting - Pitching for Beloit Snappers : RHP Felix Carranza
Pitching: RHP Felix Carranza
Batting: RHB Carlos Salazar 0-0: Ball
1-0: Ball
2-0: Ball
3-0: Called Strike
3-1: Base on Balls
Batting: RHB Steve Gusman 0-0: Called Strike
Carlos Salazar steals 2nd base (no throw)
0-1: Ball
1-1: Ground out 6-3 (Groundball, 6, EV 96.2 MPH)
Batting: RHB Josh Patterson 0-0: Ball
1-0: Fly out, F8 (Line Drive, 8RM, EV 103.1 MPH)
Runner from 2nd tags up, OUT at 3rd! 8-5
Top of the 1st over - 0 runs, 0 hits, 0 errors, 0 left on base; Lake County 0 - Beloit 0
BOTTOM OF THE 1ST
Beloit Snappers batting - Pitching for Lake County Captains : RHP Arturo Rojas
Pitching: RHP Arturo Rojas
Batting: RHB Chris Bohm 0-0: Called Strike
0-1: Ball
1-1: Ball
2-1: Ball
3-1: Base on Balls
Batting: RHB Min-chin Yi 0-0: Ball
1-0: Foul Ball, location: 2F
1-1: Ball
2-1: Ball
3-1: Foul Ball, location: 2F
3-2: Foul Ball, location: 2F
3-2: Base on Balls
Chris Bohm to second
Batting: RHB Shannon Beck 0-0: Grounds into double play, 3-6-3 (Groundball, 34, EV 89.4 MPH)
Chris Bohm to third
Batting: LHB Felipe Gomez 0-0: Ball
1-0: Ball
2-0: Swinging Strike
2-1: Ball
3-1: Base on Balls
Batting: LHB Robert Wilkins 0-0: Ball
1-0: Called Strike
1-1: Called Strike
1-2: Strikes out looking
Bottom of the 1st over - 0 runs, 0 hits, 0 errors, 2 left on base; Lake County 0 - Beloit 0
TOP OF THE 2ND
Lake County Captains batting - Pitching for Beloit Snappers : RHP Felix Carranza
Batting: LHB Jeff Palmowski 0-0: Ball
1-0: Swinging Strike
1-1: Foul Ball, location: 2F
1-2: Ball
2-2: Ball
3-2: Foul Ball, location: 2F
3-2: Foul Ball, location: 2F
3-2: Strikes out swinging
Batting: RHB Adam McMillen 0-0: Ball
1-0: Ball
2-0: Swinging Strike
2-1: Foul Ball, location: 2F
2-2: Strikes out looking
Batting: LHB Aaron Caron 0-0: Called Strike
0-1: Foul Ball, location: 2F
0-2: Ball
1-2: Strikes out swinging
Top of the 2nd over - 0 runs, 0 hits, 0 errors, 0 left on base; Lake County 0 - Beloit 0
BOTTOM OF THE 2ND
Beloit Snappers batting - Pitching for Lake County Captains : RHP Arturo Rojas
Batting: RHB Emiel Schlepers 0-0: Ball
1-0: Called Strike
1-1: Ball
2-1: Called Strike
2-2: Foul Ball, location: 2F
2-2: Strikes out looking
Batting: RHB Don Burt 0-0: Ball
1-0: Called Strike
1-1: Foul Ball, location: 2F
1-2: Strikes out swinging
Batting: RHB Clay Statum 0-0: Called Strike
0-1: Fly out, F6 (Popup, 6D, EV 53.1 MPH)
Bottom of the 2nd over - 0 runs, 0 hits, 0 errors, 0 left on base; Lake County 0 - Beloit 0
TOP OF THE 3RD
Lake County Captains batting - Pitching for Beloit Snappers : RHP Felix Carranza
Batting: RHB Chris Diaz 0-0: Ground out 6-3 (Groundball, 6, EV 89.4 MPH)
Batting: RHB Anibal Casteles 0-0: Called Strike
0-1: Foul Ball, location: 2F
0-2: Foul Ball, location: 2F
0-2: Strikes out swinging
Batting: RHB Kenzo Shinoda 0-0: Ball
1-0: Called Strike
1-1: Foul Ball, location: 2F
1-2: Foul Ball, location: 2F
1-2: Strikes out swinging
Top of the 3rd over - 0 runs, 0 hits, 0 errors, 0 left on base; Lake County 0 - Beloit 0
BOTTOM OF THE 3RD
Beloit Snappers batting - Pitching for Lake County Captains : RHP Arturo Rojas
Batting: RHB Josh Lykins 0-0: Ball
1-0: Swinging Strike
1-1: Ground out U3 (Groundball, 3, EV 106.2 MPH)
Batting: RHB Chris Bohm 0-0: Ball
1-0: Ball
2-0: Swinging Strike
2-1: Foul Ball, location: 2F
2-2: Foul Ball, location: 2F
2-2: Foul Ball, location: 2F
2-2: Ball
3-2: Foul Ball, location: 2F
3-2: Strikes out swinging
Batting: RHB Min-chin Yi 0-0: Ball
1-0: Called Strike
1-1: Ball
2-1: Foul Ball, location: 2F
2-2: Foul Ball, location: 2F
2-2: Ball
3-2: Ground out 5-3 (Groundball, 56, EV 85.0 MPH)
Bottom of the 3rd over - 0 runs, 0 hits, 0 errors, 0 left on base; Lake County 0 - Beloit 0
TOP OF THE 4TH
Lake County Captains batting - Pitching for Beloit Snappers : RHP Felix Carranza
Batting: RHB Carlos Salazar 0-0: Foul Ball, location: 2F
0-1: Ball
1-1: Foul Ball, location: 2F
1-2: Foul Ball, location: 2F
1-2: Ground out 5-3 (Groundball, 56S, EV 88.1 MPH)
Batting: RHB Steve Gusman 0-0: Ground out 5-3 (Groundball, 56S, EV 72.5 MPH)
Batting: RHB Josh Patterson 0-0: Called Strike
0-1: Ground out 5-3 (Groundball, 5, EV 105.6 MPH)
Top of the 4th over - 0 runs, 0 hits, 0 errors, 0 left on base; Lake County 0 - Beloit 0
BOTTOM OF THE 4TH
Beloit Snappers batting - Pitching for Lake County Captains : RHP Arturo Rojas
Batting: RHB Shannon Beck 0-0: Ball
1-0: Swinging Strike
1-1: Swinging Strike
1-2: Strikes out swinging
Batting: LHB Felipe Gomez 0-0: Called Strike
0-1: Ball
1-1: Foul Ball, location: 2F
1-2: Ball
2-2: Ball
3-2: Foul Ball, location: 2F
3-2: Strikes out swinging
Batting: LHB Robert Wilkins 0-0: Ball
1-0: Ball
2-0: Ball
3-0: Called Strike
3-1: Fly out, F6 (Line Drive, 6, EV 72.5 MPH)
Bottom of the 4th over - 0 runs, 0 hits, 0 errors, 0 left on base; Lake County 0 - Beloit 0
TOP OF THE 5TH
Lake County Captains batting - Pitching for Beloit Snappers : RHP Felix Carranza
Batting: LHB Jeff Palmowski 0-0: Fly out, F8 (Flyball, 8RM, EV 80.0 MPH)
Batting: RHB Adam McMillen 0-0: Foul Ball, location: 2F
0-1: Ball
1-1: Ball
2-1: Foul Ball, location: 2F
2-2: Strikes out swinging
Batting: LHB Aaron Caron 0-0: Ball
1-0: Swinging Strike
1-1: Foul Ball, location: 2F
1-2: Strikes out swinging
Top of the 5th over - 0 runs, 0 hits, 0 errors, 0 left on base; Lake County 0 - Beloit 0
BOTTOM OF THE 5TH
Beloit Snappers batting - Pitching for Lake County Captains : RHP Arturo Rojas
Batting: RHB Emiel Schlepers 0-0: Called Strike
0-1: Called Strike
0-2: Foul Ball, location: 2F
0-2: Strikes out looking
Batting: RHB Don Burt 0-0: Called Strike
0-1: Fly out, F4 (Popup, 4S, EV 75.0 MPH)
Batting: RHB Clay Statum 0-0: Ball
1-0: Called Strike
1-1: Ball
2-1: Ground out 6-3 (Groundball, 6, EV 107.5 MPH)
Bottom of the 5th over - 0 runs, 0 hits, 0 errors, 0 left on base; Lake County 0 - Beloit 0
TOP OF THE 6TH
Lake County Captains batting - Pitching for Beloit Snappers : RHP Felix Carranza
Batting: RHB Chris Diaz 0-0: Foul Ball, location: 2F
0-1: Swinging Strike
0-2: Foul Ball, location: 2F
0-2: SINGLE (Groundball, 56S, EV 68.1 MPH) (infield hit)
Batting: RHB Anibal Casteles 0-0: Fly out, F8 (Flyball, 8LD, EV 89.4 MPH)
Batting: RHB Kenzo Shinoda 0-0: Ball
1-0: Ball
2-0: Called Strike
2-1: Ball
3-1: Fly out, F7 (Flyball, 7LS, EV 90.0 MPH)
Batting: RHB Carlos Salazar 0-0: Swinging Strike
0-1: Ball
1-1: Foul Ball, location: 2F
1-2: Foul Ball, location: 2F
1-2: Foul Ball, location: 2F
1-2: Ball
Chris Diaz steals 2nd base
2-2: Foul Ball, location: 2F
2-2: Ball
3-2: Strikes out swinging
Top of the 6th over - 0 runs, 1 hit, 0 errors, 1 left on base; Lake County 0 - Beloit 0
BOTTOM OF THE 6TH
Beloit Snappers batting - Pitching for Lake County Captains : RHP Arturo Rojas
Batting: RHB Josh Lykins 0-0: Ground out 4-3 (Groundball, 4, EV 91.2 MPH)
Batting: RHB Chris Bohm 0-0: Ball
1-0: Ball
2-0: Called Strike
2-1: SINGLE (Line Drive, 78S, EV 91.2 MPH)
Batting: RHB Min-chin Yi 0-0: Called Strike
0-1: Called Strike
0-2: Ball
Wild Pitch!
Chris Bohm to second
1-2: Ground out 4-3 (Groundball, 4, EV 92.5 MPH)
Chris Bohm to third
Batting: RHB Shannon Beck 0-0: Ball
1-0: Ball
2-0: Called Strike
2-1: SINGLE (Groundball, 6MD, EV 106.9 MPH)
Chris Bohm scores
Batting: LHB Felipe Gomez 0-0: Called Strike
0-1: Ball
1-1: Swinging Strike
1-2: Fly out, F7 (Flyball, 7LS, EV 85.6 MPH)
Bottom of the 6th over - 1 run, 2 hits, 0 errors, 1 left on base; Lake County 0 - Beloit 1
TOP OF THE 7TH
Lake County Captains batting - Pitching for Beloit Snappers : RHP Felix Carranza
Pinch Hitting: LHB Ben Rubenacker 0-0: Ball
1-0: Ball
2-0: Called Strike
2-1: Ground out 4-3 (Groundball, 4, EV 88.1 MPH)
Pinch Hitting: LHB John Shults 0-0: Ball
1-0: Swinging Strike
1-1: Called Strike
1-2: Foul Ball, location: 2F
1-2: Ball
2-2: Ball
3-2: Fly out, F7 (Flyball, 78S, EV 89.4 MPH)
Batting: LHB Jeff Palmowski 0-0: Called Strike
0-1: Ball
1-1: Swinging Strike
1-2: Ball
2-2: Foul Ball, location: 2F
2-2: Strikes out swinging
Top of the 7th over - 0 runs, 0 hits, 0 errors, 0 left on base; Lake County 0 - Beloit 1
BOTTOM OF THE 7TH
Beloit Snappers batting - Pitching for Lake County Captains : RHP Arturo Rojas
Now at 1B: Ben Rubenacker
Now at 2B: John Bianconi
Batting: LHB Robert Wilkins 0-0: Called Strike
0-1: Called Strike
0-2: Strikes out swinging
Batting: RHB Emiel Schlepers 0-0: Ball
1-0: Foul Ball, location: 2F
1-1: Ball
2-1: SINGLE (Groundball, 6MD, EV 101.2 MPH)
Pitching: LHP Troy Salzer
Batting: RHB Don Burt 0-0: Ball
1-0: Foul Ball, location: 2F
1-1: Ball
2-1: Swinging Strike
2-2: Ball
3-2: Foul Ball, location: 2F
3-2: Foul Ball, location: 2F
3-2: Fly out, F8 (Flyball, 8LD, EV 103.8 MPH)
Batting: RHB Clay Statum 0-0: SINGLE (Flyball, 6D, EV 87.5 MPH)
Emiel Schlepers to second
Batting: RHB Josh Lykins 0-0: Called Strike
0-1: Ball
1-1: Called Strike
1-2: Foul Ball, location: 2F
1-2: Ball
2-2: Strikes out swinging
Bottom of the 7th over - 0 runs, 2 hits, 0 errors, 2 left on base; Lake County 0 - Beloit 1
TOP OF THE 8TH
Lake County Captains batting - Pitching for Beloit Snappers : RHP Felix Carranza
Pitching: RHP Jon Coakley
Now at 1B: Ivan Barry
Pinch Hitting: LHB Vinny Carreno 0-0: DOUBLE (Groundball, 3D, EV 94.4 MPH)
Batting: LHB Aaron Caron 0-0: Ball
1-0: SINGLE (Groundball, 4D, EV 103.1 MPH)
Vinny Carreno to third
Pinch Hitting: LHB Brandon Hopper 0-0: Fly out, F7 (Line Drive, 78S, EV 90.6 MPH)
Batting: RHB Anibal Casteles 0-0: Ball
1-0: Called Strike
1-1: Fly out, F8 (Flyball, 8RM, EV 96.9 MPH)
Pinch Hitting: LHB Rich Walker 0-0: Ball
1-0: Foul Ball, location: 2F
1-1: Swinging Strike
1-2: Strikes out swinging
Top of the 8th over - 0 runs, 2 hits, 0 errors, 2 left on base; Lake County 0 - Beloit 1
BOTTOM OF THE 8TH
Beloit Snappers batting - Pitching for Lake County Captains : LHP Troy Salzer
Now at 2B: Reynaldo Herrera
Now at 3B: Jeremy Givens
Now at SS: John Bianconi
Now in LF: Brandon Hopper
Now in CF: Carlos Salazar
Batting: RHB Chris Bohm 0-0: Ball
1-0: Ball
2-0: Ball
3-0: Base on Balls
Batting: RHB Min-chin Yi 0-0: Ball
1-0: Ball
Chris Bohm is caught stealing 2nd base 2-4
2-0: Swinging Strike
2-1: Called Strike
2-2: Strikes out looking
Batting: RHB Shannon Beck 0-0: Ball
1-0: Ground out U3 (Groundball, 34, EV 105.6 MPH)
Bottom of the 8th over - 0 runs, 0 hits, 0 errors, 0 left on base; Lake County 0 - Beloit 1
TOP OF THE 9TH
Lake County Captains batting - Pitching for Beloit Snappers : RHP Jon Coakley
Pitching: RHP Tony Contreras
Batting: RHB Carlos Salazar 0-0: Foul Ball, location: 2F
0-1: Foul Ball, location: 2F
0-2: Strikes out looking
Batting: LHB Ben Rubenacker 0-0: Ball
1-0: Foul Ball, location: 2F
1-1: Ball
2-1: Swinging Strike
2-2: Foul Ball, location: 2F
2-2: DOUBLE (Line Drive, 7LS, EV 100.6 MPH)
Pinch Hitting: LHB Devon Grant 0-0: Ball
1-0: Called Strike
1-1: Ball
2-1: Ball
3-1: Foul Ball, location: 2F
3-2: Base on Balls
Batting: LHB Jeff Palmowski 0-0: Called Strike
0-1: Foul Ball, location: 2F
0-2: Strikes out swinging
Pinch Hitting: SHB Travis Burnett 0-0: Called Strike
0-1: Ball
1-1: Swinging Strike
1-2: Foul Ball, location: 2F
1-2: Foul Ball, location: 2F
1-2: Fly out, F7 (Flyball, 78S, EV 91.9 MPH)
Top of the 9th over - 0 runs, 1 hit, 0 errors, 2 left on base; Lake County 0 - Beloit 1
Tuesday, March 28th , 2023 - OOTP Baseball 23.10 Build 110